 Dungeon Crawl Stone Soup version 0.31-a0-836-g3ceb0a68c4 (webtiles) character file.

Game seed: 12586836731213492431

88 Kurtz the Chopper (level 4, -4/31 HPs)
             Began as an Octopode Fighter on Sept 27, 2023.
             Slain by a gnoll
             ... wielding a +0 club
              (9 damage)
             ... on level 3 of the Dungeon.
             The game lasted 00:01:07 (1753 turns).

Kurtz the Chopper (Octopode Fighter)                Turns: 1753, Time: 00:01:07

Health: -4/31      AC:  1    Str: 17    XL:     4   Next: 53%
Magic:  4/4        EV: 13    Int: 10    God:
Gold:   110        SH:  4    Dex: 11    Spells: 3/3 levels left

rFire   . . .        a - +0 war axe
rCold   + . .        b - +0 buckler
rNeg    . . .        (helmet restricted)
rPois   .            (no amulet)
rElec   .            e - ring of protection from cold
rCorr   .            k - ring of see invisible
SInv    +            (no ring)
Will    .....        (no ring)
Stlth   ++           (no ring)
HPRegen 0.25/turn    (no ring)
MPRegen 0.09/turn    (no ring)
                     (no ring)

%: no passive effects
@: invisible
A: almost no armour, amphibious, 8 rings, camouflage 1, gelatinous body 1,
(nimble swimmer 1), tentacles
a: no special abilities


You were on level 3 of the Dungeon.
You visited 1 branch of the dungeon, and saw 3 of its levels.

You collected 110 gold pieces.

Inventory:

Hand Weapons
 a - a +0 war axe (weapon)
Missiles
 i - 5 poisoned darts
Armour
 b - a +0 buckler (worn)
Jewellery
 e - a ring of protection from cold (left tentacle)
 g - a ring of ice
 k - a ring of see invisible (right tentacle)
Scrolls
 f - a scroll of vulnerability {unknown}
 j - a scroll of identify {unknown}
 l - a scroll of enchant weapon {unknown}
 m - a scroll of teleportation {unknown}
 o - a scroll of blinking {unknown}
 p - a scroll of immolation {unknown}
Potions
 c - 2 potions of might
 h - a potion of heal wounds {unknown}
 n - a potion of curing {unknown}


   Skills:
 - Level 3.0 Fighting
 * Level 4.6 Axes
 - Level 3.0 Dodging
 - Level 3.0 Shields


You had 3 spell levels left.
You didn't know any spells.
Your spell library was empty.

Dungeon Overview and Level Annotations

Branches:
Dungeon (3/15)

Altars:


Innate Abilities, Weirdness & Mutations

You cannot wear most types of armour.
You are amphibious.
You can wear up to eight rings at the same time.
Your skin changes colour to match your surroundings (Stealth+).
Your rubbery body absorbs attacks. (AC +1, EV +1)
((You are camouflaged when in or above water. (Stealth+)))
You have tentacles for arms and can constrict up to eight enemies at once.


Message History

You slash the gnoll!
You feel sick.
A gnoll comes into view. It is wielding a +0 club.
The gnoll completely misses you.
There are monsters nearby!
The gnoll shouts!
You hit the gnoll but do no damage. Your grab misses the gnoll.
You squeeze the gnoll.
The gnoll is almost dead.
You feel sick.
You hear a shout!
The gnoll closely misses you.
A gnoll comes into view. It is wielding a +0 spear.
You block the gnoll's attack.
You hit the gnoll.
You kill the gnoll!
You feel sick.
You are no longer poisoned.
You closely miss the gnoll. Your grab misses the gnoll.
You block the gnoll's attack.
You closely miss the gnoll. You grab the gnoll. You constrict the gnoll.
The gnoll hits you with a +0 club!
The gnoll hits you from afar with a +0 spear.
* * * LOW HITPOINT WARNING * * *
The gnoll closely misses you.
The gnoll struggles to escape constriction.
You are too injured to fight recklessly!
Unknown command.
You are too injured to fight recklessly!
It was a potion of invisibility.
You fade into invisibility!
You constrict the gnoll.
The gnoll escapes!
The gnoll closely misses you. The gnoll hits you with a +0 spear.
* * * LOW HITPOINT WARNING * * *
Unknown command.
You strike the helpless gnoll from behind!
You hit the gnoll but do no damage. Your grab misses the gnoll.
The gnoll is moderately wounded.
You strike the helpless gnoll from behind!
You hit the gnoll. The gnoll hits you with a +0 club!
You die...

#......#
#.####.#######
# #.#.....#
#.......#
###.....#
#.....# #
#.....###.####
#.....).......
##...g@g.#
#.......#
#........#
#..........#
#####...#...#
#...#...#
#...# ...
#...# .# ..


You could see 2 gnolls.

Vanquished Creatures
  2 adders
  A gnoll (D:3)
  A dart slug (D:1)
  7 bats
  8 endoplasms
  2 giant cockroaches
  3 goblins
  A hobgoblin (D:1)
  6 jackals (D:2)
  5 quokkas
  5 ball pythons (D:1)
  5 frilled lizards
  2 kobolds (D:2)
  5 rats
53 creatures vanquished.

Notes
Turn   | Place    | Note
-------+----------+-------------------------------------------
     0 | D:1      | Kurtz the Octopode Fighter began the quest for the Orb.
     0 | D:1      | Reached XP level 1. HP: 16/16 MP: 1/1
   236 | D:1      | Reached XP level 2. HP: 11/21 MP: 2/2
   419 | D:1      | Reached skill level 3 in Axes
   625 | D:1      | Reached XP level 3. HP: 23/26 MP: 3/3
  1251 | D:2      | Reached skill level 4 in Axes
  1251 | D:2      | Reached XP level 4. HP: 31/31 MP: 4/4
  1549 | D:2      | Found a faded altar of an unknown god.
  1753 | D:3      | Slain by a gnoll

Illustrated notes

Levels and vault maps discovered:
D:1:      dpeg_arrival_pond, layout_basic, hangedman_abyss_or_decor_lesser_grid,
          serial_bayou_lake_a
D:2:      layout_loops_ring, shapermc_ecumenical_altar_petra, amethyst_killhole,
          amcnicky_mini_rare_corridor_liquid
D:3:      lemuel_castle_with_subvaults [lemuel_castle_interior_original],
          layout_basic, minivault_14

Skill      XL: |  1  2  3 |
---------------+----------+-----
Axes           | 3 4 |  4.6
Fighting       | |  3.0
Dodging        | |  3.0
Shields        | |  3.0

Action                     |  1- 3 |  4- 6 || total
---------------------------+-------+-------++-------
  Melee: War axe           |    56 |    21 ||    77
         Constrict         |     9 |     3 ||    12
         Tentacles         |     5 |     2 ||     7
    Use: Potion            |       |     1 ||     1
   Stab: Sleeping          |    10 |     3 ||    13
         Distracted        |     1 |       ||     1
         Invisible         |       |     2 ||     2
 Armour: Skin              |    21 |    14 ||    35
  Dodge: Dodged            |    26 |    16 ||    42
  Block: Buckler           |    12 |     6 ||    18

Table legend: (Time is in decaauts)
 A = Elapsed time spent in this place.
 B = Non-inter-level travel time spent in this place.
 C = Inter-level travel time spent in this place.
 D = Time resting spent in this place.
 E = Time spent auto-exploring this place.
 F = Levels seen in this place.
 G = Mean time per level.
                   A        B        C        D        E       F      G
               +--------+--------+--------+--------+--------+-----+--------+
         Total |   1779 |   1653 |    126 |    221 |   1150 |   3 |  593.0 |
       Dungeon |   1779 |   1653 |    126 |    221 |   1150 |   3 |  593.0 |
               +--------+--------+--------+--------+--------+-----+--------+

Top non-repeatable levels by time:
     D:1: 964 daAuts
     D:2: 776 daAuts
     D:3: 38 daAuts
